 Dungeon Crawl Stone Soup version 0.18-a0-1266-g3be6530 (webtiles) character file.

15278 Trym the Slicer (level 11, 0/121 HPs)
             Began as a High Elf Skald on Feb 6, 2016.
             Was a Priest of the Shining One.
             Succumbed to a black mamba's poison
             ... on level 2 of the Lair of Beasts.
             The game lasted 03:40:06 (12592 turns).

Trym the Slicer (High Elf Skald)                   Turns: 12592, Time: 03:40:06

Health: 0/121      AC: 25    Str: 11    XL:     11   Next: 99%
Magic:  21/21      EV:  2    Int: 19    God:    the Shining One [***...]
Gold:   491        SH:  0    Dex: 19    Spells: 4 memorised, 13 levels left

rFire  . . .     SeeInvis .     U - +4 short sword (speed)
rCold  . . .     Gourm    .     (armour currently unavailable)
rNeg   + + +     Faith    .     (no shield)
rPois  +         Spirit   .     (helmet currently unavailable)
rElec  .         Dismiss  .     (cloak currently unavailable)
rCorr  .         Reflect  .     (gloves currently unavailable)
SustAt .         Harm     .     (boots currently unavailable)
MR     +....     NoTele   +     (no amulet)
Stlth  ++........               O - +3 ring of intelligence
                                G - ring of wizardry

@: lethally poisoned (0 -> -6), tree-form, glowing, somewhat resistant to
hostile enchantments, unstealthy
A: no striking features
a: Divine Shield, Renounce Religion


You were on level 2 of the Lair of Beasts.
You worshipped the Shining One.
The Shining One was most pleased with you.
You were not hungry.
You were a tree.
You visited 3 branches of the dungeon, and saw 13 of its levels.
You also visited: Sewer.

You collected 1074 gold pieces.
You spent 561 gold pieces at shops.
You paid 22 gold pieces to Gozag.

Inventory:

Hand Weapons
 a - a +1 falchion
 s - a +0 shortbow
 v - a +0 dagger of holy wrath
 H - the +0 flail of Linearity {holy, rC+, unknown}
   (You found it on level 2 of the Lair of Beasts)

   It has been blessed by the Shining One to cause great damage to the undead
   and demons.
   It protects you from cold.
 L - a +2 rapier of speed
 U - a +4 short sword of speed (weapon)
Missiles
 t - 4 javelins (quivered)
 w - a throwing net
 C - 137 arrows
Armour
 d - the +3 pair of boots of the Great Game (melded) {Regen+ Int+3 Stlth+}
   (You bought it in a shop on level 5 of the Dungeon)

   It affects your intelligence (+3).
   It increases your rate of regeneration.
   It makes you more stealthy.
 l - a +0 plate armour
 o - a +2 cloak
 r - a +2 pair of boots
 E - a +1 helmet (melded)
 J - a +1 pair of gloves (melded)
 K - a +1 leather armour of fire resistance
 N - a +1 hat
 P - a +0 storm dragon armour (melded)
 Q - a +1 cloak of invisibility (melded)
 X - a +0 large shield
Jewellery
 g - an uncursed ring of sustain attributes
 k - a +3 ring of strength
 q - a +3 ring of protection
 G - a ring of wizardry (left branch)
 O - a +3 ring of intelligence (right branch)
Wands
 b - a wand of slowing (25/48)
 i - a wand of digging (13/24)
 y - a wand of iceblast (3/15)
Scrolls
 e - a scroll of magic mapping
 h - 4 scrolls of enchant weapon
 n - 3 scrolls of amnesia
 p - 4 scrolls of fear
 I - 2 scrolls of blinking
 M - 2 scrolls of noise
 R - a scroll of recharging
 S - 5 scrolls of remove curse
 Z - a scroll of vulnerability {unknown}
Potions
 j - 3 potions of might {unknown}
 A - 3 potions of brilliance
 F - a potion of invisibility
 T - 4 potions of flight
 V - 2 potions of berserk rage {unknown}
 W - a potion of mutation {unknown}
 Y - a potion of agility {unknown}
Books
 c - a book of Battle

   Spells                             Type                      Level
   a - Infusion                       Charms                       1
   b - Shroud of Golubria             Charms/Translocation         2
   c - Song of Slaying                Charms                       2
   d - Spectral Weapon                Hexes/Charms                 3
   e - Regeneration                   Charms/Necromancy            3
Comestibles
 f - a meat ration
 u - a royal jelly
 x - 5 slices of pizza
 z - 3 fruits
 D - 6 bread rations


   Skills:
 * Level 9.8 Fighting
 - Level 10.8(12.1) Short Blades
 - Level 9.2(11.3) Long Blades
 - Level 3.0 Bows
 + Level 3.9 Armour
 - Level 5.0 Dodging
 - Level 4.6 Stealth
 + Level 3.3 Shields
 - Level 6.3 Spellcasting
 * Level 5.6 Hexes
 * Level 5.8 Charms
 - Level 0.4 Necromancy
 - Level 0.4 Translocations


You had 13 spell levels left.
You knew the following spells:

 Your Spells              Type           Power        Failure   Level  Hunger
a - Infusion              Chrm           ####         1%          1    None
b - Spectral Weapon       Hex/Chrm       ####....     1%          3    ##.....
c - Regeneration          Chrm/Necr      ###.......   4%          3    ##.....
d - Shroud of Golubria    Chrm/Tloc      ###.......   2%          2    None


Dungeon Overview and Level Annotations

Branches:
Dungeon (10/15)            Temple (1/1) D:4            Lair (2/8) D:8
    Orc: D:9-12

Altars:
Ashenzari
Cheibriados
Dithmenos
Elyvilon
Fedhas
Gozag
Kikubaaqudgha
Makhleb
Nemelex Xobeh
Okawaru
Pakellas
Qazlal
Ru
Sif Muna
Trog
Vehumet
Xom
Yredelemnul
Zin
The Shining One

Shops:
D:5 }*[:   D:7 (

Annotations:
D:3 Grinder
D:10 Nergalle, Urug


Message History

* * * LOW HITPOINT WARNING * * *
You feel sick.
You finish taking off your +0 large shield.
* * * LOW HITPOINT WARNING * * *
You feel sick.
Keep disrobing?
Uppercase [Y]es or [N]o only, please.
Keep disrobing?
You stop removing your armour.
* * * LOW HITPOINT WARNING * * *
You feel sick.
Drink which item? (? for menu, Esc to quit)
You turn into a tree.
Your +1 cloak of invisibility melds into your body.
Your +1 helmet melds into your body.
Your +1 pair of gloves melds into your body.
The +3 pair of boots of the Great Game {Regen+ Int+3 Stlth+} melds into your body.
Your +0 storm dragon armour melds into your body.
Your roots penetrate the ground.
You die...

#####............................
#.............................
####.............................
#P...............................
.................................
......#.#.#####..................
.......#### ##.................
.......# ##.##.#............
......####### #.♣.###....#.#...#
......#.#...####.## #.....##..#
..................###...##....##
#.#.#...>........###....#..#...##
##.##............................
#####............................
.# #............................
## #............................
# #.............<..............


There were no monsters in sight!

Vanquished Creatures
  A hydra (Lair:1)
  The ghost of gg19 the Cruncher, a novice DrGl of Pakellas (Lair:1)
  A deep elf mage (D:9)
  Maurice (D:10)
  Joseph (D:10)
  2 spiny frogs
  2 komodo dragons
  The ghost of Ultraviolent4 the Ruffian, a novice VSMo (D:5)
  A troll (D:9)
  31 yaks
  A hungry ghost (D:8)
  A human (D:7)
  5 hippogriffs
  3 wolves (Lair:2)
  A basilisk (D:8)
  4 water moccasins
  An orc warrior (D:8)
  10 porcupines
  An ice beast (D:7)
  A phantom (D:9)
  A sky beast (D:5)
  An ogre (D:4)
  11 crocodiles
  2 centaurs
  3 big kobolds
  7 giant frogs
  2 scorpions
  4 killer bees (D:7)
  An electric eel (Lair:1)
  3 crimson imps
  A quasit (D:5)
  A giant frog zombie (D:6)
  7 hounds
  3 jellies
  3 orc priests
  2 giant frog skeletons
  4 iguanas
  4 orc wizards
  7 worker ants
  11 sheep
  A hound zombie (D:9)
  A hound skeleton (D:6)
  A worker ant zombie (D:6)
  Robin (D:3)
  5 gnolls (D:5)
  9 adders
  13 river rats
  A shadow imp (D:10)
  An adder zombie (D:5)
  5 worms
  6 giant geckos
  40 orcs
  13 bats
  9 giant cockroaches
  2 gnoll zombies (D:9)
  17 goblins
  12 hobgoblins
  11 jackals
  30 kobolds
  A quokka (D:5)
  2 ball pythons
  A giant gecko skeleton (D:5)
  7 giant newts
  A jackal skeleton (D:4)
  A quokka skeleton (D:4)
  11 rats
350 creatures vanquished.

Vanquished Creatures (others)
  3 bushes (D:8)
  3 fungi (D:8)
  9 plants
  6 spectral weapons
21 creatures vanquished.

Grand Total: 371 creatures vanquished

Notes
Turn   | Place    | Note
--------------------------------------------------------------
     0 | D:1      | Trym the High Elf Skald began the quest for the Orb.
     0 | D:1      | Reached XP level 1. HP: 14/14 MP: 4/4
   444 | D:1      | Reached skill level 1 in Armour
   480 | D:1      | Reached XP level 2. HP: 19/19 MP: 6/6
  1075 | D:2      | Reached skill level 4 in Long Blades
  1086 | D:2      | Found a shimmering altar of Xom.
  1120 | D:2      | Reached XP level 3. HP: 22/24 MP: 2/7
  1141 | D:2      | Found a bloodstained altar of Trog.
  1416 | D:2      | Reached skill level 1 in Stealth
  1428 | D:2      | Learned a level 3 spell: Spectral Weapon
  1432 | D:2      | Learned a level 3 spell: Regeneration
  1724 | D:3      | Found an oddly glowing altar of Pakellas.
  1746 | D:3      | Noticed Robin
  1779 | D:3      | Killed Robin
  1779 | D:3      | Reached XP level 4. HP: 7/29 MP: 5/8
  2225 | D:3      | Noticed Grinder
  2455 | D:4      | Reached XP level 5. HP: 29/34 MP: 5/9
  2536 | D:4      | Reached skill level 5 in Long Blades
  2536 | D:4      | Reached skill level 1 in Hexes
  2550 | D:4      | Found an iron altar of Okawaru.
  2552 | D:4      | Noticed an ogre
  2563 | D:4      | Killed an ogre
  2607 | D:4      | Reached XP level 6. HP: 36/41 MP: 8/11
  2621 | D:4      | Learned a level 2 spell: Shroud of Golubria
  2775 | D:4      | Found a staircase to the Ecumenical Temple.
  3293 | Temple   | Entered the Ecumenical Temple
  3441 | Temple   | Became a worshipper of Gozag Ym Sagoz the Greedy
  3488 | D:5      | Entered Level 5 of the Dungeon
  3500 | D:5      | Found Gigrud's Book Shoppe.
  3541 | D:5      | Found a shadowy altar of Dithmenos.
  3586 | D:5      | Found Zomm's Gadget Boutique.
  3620 | D:5      | Found a glowing drain.
  3627 | D:5      | Reached skill level 6 in Long Blades
  3639 | Sewer    | Entered a sewer
  3977 | D:5      | Noticed Ultraviolent4's ghost (novice VSMo)
  3999 | D:5      | HP: 1/41 [Ultraviolent4's ghost (4)]
  4068 | D:5      | Killed Ultraviolent4's ghost
  4068 | D:5      | Reached XP level 7. HP: 39/45 MP: 1/13
  4217 | D:5      | Found a stormy altar of Qazlal.
  4261 | D:5      | Found Pugappoy's Armour Shoppe.
  4280 | D:5      | Bought a +0 large shield for 63 gold pieces
  4392 | D:5      | Found Kerhiefy's Assorted Antiques.
  4625 | D:5      | Reached skill level 1 in Shields
  4643 | D:5      | Reached XP level 8. HP: 40/52 MP: 11/15
  5188 | D:6      | Found a shimmering altar of Xom.
  5188 | D:6      | Found a burning altar of Makhleb.
  5925 | D:3      | Found a sparkling altar of Nemelex Xobeh.
  6359 | D:3      | Found a white marble altar of Elyvilon.
  6360 | D:3      | Found a glowing silver altar of Zin.
  6361 | D:3      | Found a glowing golden altar of the Shining One.
  6375 | D:3      | Fell from the grace of Gozag
  6375 | D:3      | Became a worshipper of the Shining One
  6874 | D:5      | Bought the +3 pair of boots of the Great Game {Regen+ Int+3 Stlth+} for 498 gold pieces
  7087 | D:7      | Found Egesaloxt's Weapon Emporium.
  7097 | D:7      | Reached skill level 7 in Long Blades
  7412 | D:7      | Reached skill level 8 in Long Blades
  7556 | D:7      | Reached XP level 9. HP: 36/60 MP: 16/16
  7998 | D:7      | Reached skill level 5 in Fighting
  8162 | D:8      | Reached skill level 9 in Long Blades
  8409 | D:7      | Reached skill level 5 in Spellcasting
  8416 | D:8      | Found a staircase to the Lair.
  8718 | D:8      | Was forgiven by Gozag
  8718 | D:8      | Reached skill level 5 in Short Blades
  8728 | D:8      | Reached * piety under the Shining One
  8764 | D:8      | Reached skill level 5 in Dodging
  8780 | D:8      | Reached XP level 10. HP: 59/68 MP: 12/18
  8829 | D:8      | Reached skill level 5 in Charms
  9124 | D:8      | Found a snail-covered altar of Cheibriados.
  9148 | D:8      | Found a deep blue altar of Sif Muna.
  9356 | D:9      | Reached skill level 5 in Hexes
  9553 | D:9      | Found a basalt altar of Yredelemnul.
  9851 | D:9      | Noticed a deep elf mage
  9859 | D:9      | Killed a deep elf mage
  9949 | D:10     | Entered Level 10 of the Dungeon
  9989 | D:10     | Noticed Joseph
  9990 | D:10     | Noticed Maurice
 10027 | D:10     | Killed Joseph
 10062 | D:10     | Killed Maurice
 10062 | D:10     | Reached skill level 1 in Bows
 10062 | D:10     | Reached XP level 11. HP: 49/75 MP: 16/20
 10304 | D:10     | Noticed Urug
 10304 | D:10     | Noticed Nergalle
 10304 | D:10     | Reached ** piety under the Shining One
 10453 | Lair:1   | Entered Level 1 of the Lair of Beasts
 10546 | Lair:1   | Noticed a five-headed hydra
 10598 | Lair:1   | Killed a five-headed hydra
 10669 | Lair:1   | Reached skill level 10 in Short Blades
 10801 | Lair:1   | Noticed gg19's ghost (novice DrGl)
 10837 | Lair:1   | Killed gg19's ghost
 12152 | Lair:2   | Reached *** piety under the Shining One
 12362 | Lair:2   | Got a warped flail
 12587 | Lair:2   | HP: 4/81 [poisoned by a black mamba]
 12591 | Lair:2   | HP: 1/81 [poisoned by a black mamba]
 12592 | Lair:2   | Succumbed to a black mamba's poison

Vault maps used:
D:1:      grunt_arrival_crossed_arrows
D:2:      bloody_trog, first_bread, xom_teletrap_fun
D:3:      good_gods_mini_temple, grunt_pakellas_basics, lemuel_crystal_altar,
          uniq_robin, uniq_grinder
D:4:      okawaru_ov_weapons_minmay
D:5:      lemuel_round_altar, grunt_dithmenos_smoke, portal_sewer_entry_b,
          serial_shops, nicolae_shop_statue_plus, kennysheep_little_box,
          nicolae_shop_waterfront, shop, minmay_door_square,
          cheibrodos_gnoll_hut
D:6:      grunt_temple_overflow_champion_of_chaos, hangedman_decor_slide_cut
D:7:      serial_shops, shop, grunt_livestock
D:8:      overflow_temple_1_default, slow_altar_1, minmay_lair_entry_grove
D:9:      lemuel_zombie_altar_yredelemnul, guppyfry_early_elven_hall
D:10:     minmay_orc_entry_temple_small, serial_shops, shop, uniq_urug,
          uniq_nergalle, uniq_psyche, uniq_joseph, uniq_maurice
Temple:   hc_temple_tempest_star_small
Lair:1:   infiniplex_staircase_pool
Lair:2:   beast_lair_carwin_large_2, minivault_24, grunt_forest_large_clearings
Sewer:    kennysheep_pipe_town

Action                   |  1- 3 |  4- 6 |  7- 9 | 10-12 || total
-------------------------+-------+-------+-------+-------++-------
Melee: Falchion          |   159 |   188 |   329 |       ||   676
       Short sword       |       |    19 |   283 |   779 ||  1081
 Fire: Shortbow          |       |       |       |    11 ||    11
Throw: Tomahawk          |    24 |    36 |    57 |    14 ||   131
       Throwing net      |       |     2 |     3 |       ||     5
       Javelin           |       |       |       |    22 ||    22
 Cast: Infusion          |     4 |       |     1 |       ||     5
       Spectral Weapon   |     1 |    19 |    26 |    29 ||    75
       Shroud of Golubri |       |     3 |     7 |     9 ||    19
       Regeneration      |       |     2 |     2 |       ||     4
  Use: Scroll            |     2 |     8 |     9 |     7 ||    26
       Potion            |       |     2 |     8 |     4 ||    14
 Stab: Distracted        |       |     4 |     4 |     1 ||     9
       Sleeping          |       |       |     2 |     1 ||     3
       Held in net/web   |       |       |     1 |       ||     1
  Eat: Meat ration       |     1 |     1 |     2 |     2 ||     6
       Pizza             |       |     2 |     2 |     1 ||     5
       Beef jerky        |       |       |     2 |     1 ||     3
       Bread ration      |       |       |     1 |       ||     1
